 Dungeon Crawl Stone Soup version 0.25-a0-251-g572059c536 (webtiles) character file.

Game seed: 6931524285028642366, levelgen mode: deterministic

12124 floatRand the Jester (level 11, -14/72 HPs)
             Began as a Demonspawn Gladiator on Dec 4, 2019.
             Was a Follower of Nemelex Xobeh.
             Killed from afar by an ice dragon (54 damage)
             ... with a blast of cold
             ... on level 11 of the Dungeon.
             The game lasted 00:14:36 (11436 turns).

floatRand the Jester (Demonspawn Gladiator)        Turns: 11436, Time: 00:14:37

Health: -14/72     AC: 18    Str: 18    XL:     11   Next: 58%
Magic:  19/19      EV: 12    Int: 10    God:    Nemelex Xobeh [*.....]
Gold:   621        SH:  0    Dex: 19    Spells: 10/10 levels left

rFire    . . .     SeeInvis .   w - +3 hand axe (elec)
rCold    . . .     Gourm    .   (no shield)
rNeg     . . .     Faith    .   v - +3 chain mail of Edam {rPois Str-3 Dex+3}
rPois    +         Spirit   .   c - +0 helmet
rElec    .         Reflect  .   C - +1 cloak
rCorr    .         Harm     .   j - +0 pair of gloves
MR       .....                  (no boots)
Stlth    +++.......             (no amulet)
HPRegen  0.22/turn              n - ring of stealth
MPRegen  0.16/turn              (no ring)

@: mighty, marked
A: hooves 2, slimy green scales 2, demonic guardian 2, nightstalker 1
a: Draw Escape, Draw Destruction, Draw Summoning, Renounce Religion


You were on level 11 of the Dungeon.
You worshipped Nemelex Xobeh.
Nemelex Xobeh was aware of your devotion.
You were not hungry.

You visited 2 branches of the dungeon, and saw 12 of its levels.

You collected 621 gold pieces.

Inventory:

Hand Weapons
 a - a +0 flail
 k - a +3 battleaxe
 p - a +2 dagger of venom
 w - a +3 hand axe of electrocution (weapon)
 x - a +0 war axe of chopping
 B - the +1 rapier of the Hawk {drain, MR+}
   (You found it on level 8 of the Dungeon)

   A truly terrible weapon, it drains the life of those it strikes.
   It affects your resistance to hostile enchantments.
 L - a +0 halberd
Missiles
 d - 6 throwing nets (quivered)
Armour
 b - a +0 leather armour
 c - a +0 helmet (worn)
 j - a +0 pair of gloves (worn)
 v - the +3 chain mail of Edam (worn) {rPois Str-3 Dex+3}
   (You found it on level 6 of the Dungeon)

   It affects your strength (-3).
   It affects your dexterity (+3).
   It protects you from poison.
 C - a +1 cloak (worn)
 H - a +1 cloak of magic resistance
 M - a +3 scale mail of fire resistance
Jewellery
 n - a ring of stealth (left hand)
Wands
 l - a wand of acid (12)
 t - a wand of scattershot (8)
 y - a wand of disintegration (13)
 F - a wand of iceblast (7)
Scrolls
 e - 4 scrolls of teleportation
 g - 2 scrolls of identify
 s - 2 scrolls of fog
 D - 3 scrolls of remove curse
 K - a scroll of immolation {unknown}
Potions
 h - 2 potions of haste
 i - a potion of agility
 m - a potion of cancellation
 o - a potion of heal wounds
 q - 2 potions of brilliance
 r - a potion of flight
 u - a potion of degeneration {unknown}
 z - a potion of mutation {unknown}
 A - 4 potions of curing
 E - a potion of magic {unknown}
 I - a potion of resistance {unknown}
Comestibles
 f - 28 rations
 J - 2 chunks of flesh


   Skills:
 - Level 2.0 Fighting
 + Level 8.3(9.2) Axes
 - Level 6.1(8.1) Maces & Flails
 - Level 1.7 Throwing
 - Level 8.7 Dodging
 + Level 8.7 Stealth
 * Level 11.2 Invocations


You had 10 spell levels left.
You didn't know any spells.
Your spell library contained the following spells:

 Spells                   Type           Power        Failure   Level  Hunger
 Animate Skeleton         Necr           N/A          99%         1    ##.....
 Apportation              Tloc           #.....       99%         1    ##.....
 Confusing Touch          Hex            #.....       99%         1    ##.....
 Summon Small Mammal      Summ           #...         99%         1    ##.....


Dungeon Overview and Level Annotations

Branches:
Dungeon (11/15)            Temple (1/1) D:7            Lair (0/6) D:10
    Orc (0/2) D:11

Altars:
Ashenzari
Cheibriados
Dithmenos
Elyvilon
Fedhas
Gozag
Hepliaklqana
Kikubaaqudgha
Makhleb
Nemelex Xobeh
Okawaru
Qazlal
Ru
Sif Muna
Trog
Uskayaw
Vehumet
Wu Jian
Xom
Yredelemnul
Zin
The Shining One

Shops:
D:5 =*   D:9 :

Annotations:
D:6 1 runed translucent door


Innate Abilities, Weirdness & Mutations

You have hoof-like feet.
You are mostly covered in slimy green scales. (AC +3)
A demonic guardian rushes to your aid.
You are slightly more attuned to the shadows.


Message History

The polar bear is heavily wounded.
Your chain mail of Edam prevents you from hitting the polar bear.
The polar bear bites you but does no damage.
The polar bear claws you but does no damage. x2
The polar bear bites you! The polar bear closely misses you.
The polar bear claws you but does no damage.
Your orange demon stings the ice dragon from afar.
Unknown command.
Unknown command.
Unknown command.
You slash the ice dragon!
The ice dragon is heavily wounded.
You closely miss the polar bear. You slash the polar bear!
Your sixfirhy hits the ice dragon.
Your sixfirhy shocks the ice dragon!
Your sixfirhy hits the ice dragon but does no damage.
The ice dragon breathes frost at you. The blast of cold hits you!!!
Ouch! That really hurt!
You die...
Your body glows slightly and disappears.

# #.# #.# #.# #.# #>#
#.# #.# #.# #.# ##.# #
##.# #.# #..## #.##3.#
#.# #.#.##
##.#..D###.######....###
+...4hh@.)..............
####..h###########...###
##.†# ##.## ##†# #.# #.#
#.# #.. #.# ###D #.# .#
##.#### # #......


You could see an ice dragon, 3 polar bears, a friendly orange demon and a
friendly sixfirhy.

Vanquished Creatures
  A centaur warrior (D:10)
  A two-headed ogre (D:8)
  An ugly thing (D:11)
  Joseph (D:7)
  A komodo dragon (D:10)
  2 trolls
  2 dream sheep (D:9)
  2 hippogriffs (D:8)
  Sigmund (D:6)
  2 yaks
  A steam dragon (D:8)
  2 hungry ghosts
  A slave (D:8)
  4 ice beasts
  5 orc warriors
  A black bear (D:7)
  8 ogres
  2 wolves (D:11)
  4 centaurs
  4 big kobolds
  A crocodile (D:9)
  Blork the orc (D:4)
  3 gnoll sergeants (D:11)
  7 bullfrogs
  Dowan (D:4)
  3 scorpions
  9 wights
  A howler monkey (D:9)
  3 crimson imps
  A bullfrog zombie (D:11)
  A centaur zombie (D:8)
  A quasit (D:9)
  7 hounds
  5 orc priests
  4 jellies
  A gnoll shaman (D:9)
  A bullfrog skeleton (D:9)
  An iguana (D:8)
  8 orc wizards
  8 worker ants
  4 hound skeletons
  A worker ant zombie (D:6)
  A howler monkey skeleton (D:10)
  2 howler monkey zombies
  11 gnolls
  14 adders
  2 shadow imps
  2 adder zombies
  An adder skeleton (D:4)
  A worm (D:3)
  A dart slug (D:2)
  3 leopard geckos
  51 orcs
  A ball python (D:5)
  4 giant cockroaches
  8 goblins
  5 hobgoblins
  4 jackals (D:5)
  9 quokkas
  5 bats
  A jackal skeleton (D:8)
  5 kobolds
  2 leopard gecko zombies
  A quokka zombie (D:6)
  6 rats
  A plant (D:10)
259 creatures vanquished.

Vanquished Creatures (collateral kills)
  Harold (D:11)
  A hydra (D:9)
  Pikel (D:8)
  Maurice (D:9)
  Prince Ribbit (D:6)
  2 yaks
  Duvessa (D:4)
  An acid dragon (D:8)
  2 slaves (D:8)
  An eye of draining (D:10)
  A centaur (D:9)
  2 ogres
  A big kobold (D:9)
  A bullfrog (D:8)
  A scorpion (D:4)
  A crimson imp (D:8)
  A jelly (D:8)
  2 centaur skeletons
  An orc priest (D:9)
  3 orc wizards
  An iguana (D:8)
  A worker ant (D:4)
  3 orcs
  A quokka (D:9)
32 creatures vanquished.

Vanquished Creatures (others)
  4 plants (D:10)
4 creatures vanquished.

Grand Total: 295 creatures vanquished

Notes
Turn   | Place    | Note
-------+----------+-------------------------------------------
     0 | D:1      | floatRand the Demonspawn Gladiator began the quest for the
                  | Orb.
     0 | D:1      | Reached XP level 1. HP: 16/16 MP: 1/1
   522 | D:1      | Gained mutation: You have large cloven feet. [demonic
                  | ancestry]
   522 | D:1      | Reached XP level 2. HP: 22/22 MP: 2/2
   590 | D:2      | Found a basalt altar of Yredelemnul.
   687 | D:2      | Noticed an ogre
   690 | D:2      | Killed an ogre
   690 | D:2      | Gained mutation: A weak demonic guardian rushes to your
                  | aid. [demonic ancestry]
   690 | D:2      | Reached XP level 3. HP: 25/27 MP: 3/3
   690 | D:2      | Gained mutation: A demonic guardian rushes to your aid.
                  | [demonic ancestry]
   690 | D:2      | Reached XP level 4. HP: 30/33 MP: 4/4
  1233 | D:2      | Gained mutation: You are partially covered in slimy green
                  | scales. (AC +2) [demonic ancestry]
  1233 | D:2      | Reached XP level 5. HP: 31/38 MP: 5/5
  1540 | D:3      | Found a glowing silver altar of Zin.
  1598 | D:3      | Found a sacrificial altar of Ru.
  2044 | D:3      | Reached XP level 6. HP: 43/44 MP: 6/6
  2365 | D:4      | Found an iron altar of Okawaru.
  2382 | D:4      | Reached skill level 5 in Maces & Flails
  2382 | D:4      | Reached skill level 5 in Dodging
  2426 | D:4      | Noticed Duvessa
  2518 | D:4      | Killed Duvessa
  2564 | D:4      | Noticed Dowan
  2583 | D:4      | Killed Dowan
  2778 | D:4      | Gained mutation: You are slightly more attuned to the
                  | shadows. [demonic ancestry]
  2778 | D:4      | Reached XP level 7. HP: 50/50 MP: 7/7
  3521 | D:4      | Noticed Blork the orc
  3527 | D:4      | Killed Blork the orc
  3761 | D:5      | Entered Level 5 of the Dungeon
  3778 | D:5      | Found Cafes's Mass Market.
  3805 | D:5      | Reached skill level 1 in Axes
  3936 | D:5      | Gained mutation: You have hoof-like feet. [demonic
                  | ancestry]
  3936 | D:5      | Reached XP level 8. HP: 56/56 MP: 8/8
  4017 | D:5      | Reached skill level 1 in Stealth
  4225 | D:5      | Found Oset Jeg's Jewellery Emporium.
  4722 | D:6      | Noticed Prince Ribbit
  4729 | D:6      | Killed Prince Ribbit
  4887 | D:6      | Identified the +3 chain mail of Edam {rPois Str-3 Dex+3}
                  | (You found it on level 6 of the Dungeon)
  5183 | D:6      | Noticed Sigmund
  5187 | D:6      | Killed Sigmund
  5404 | D:6      | Found a blossoming altar of Fedhas.
  5407 | D:6      | Found a bloodstained altar of Trog.
  5407 | D:6      | Found a sacrificial altar of Ru.
  5975 | D:6      | Gained mutation: You are mostly covered in slimy green
                  | scales. (AC +3) [demonic ancestry]
  5975 | D:6      | Reached XP level 9. HP: 51/61 MP: 9/9
  6105 | D:6      | Found a runed translucent door.
  6132 | D:7      | Noticed Joseph
  6140 | D:7      | Killed Joseph
  6388 | D:7      | Reached skill level 5 in Axes
  6403 | D:7      | Found a staircase to the Ecumenical Temple.
  6726 | D:7      | Reached skill level 5 in Stealth
  6815 | Temple   | Entered the Ecumenical Temple
  7352 | D:8      | Got a blackened rapier
  7360 | D:8      | Identified the +1 rapier of the Hawk {drain, MR+} (You
                  | found it on level 8 of the Dungeon)
  7419 | D:8      | Found a sparkling altar of Nemelex Xobeh.
  7519 | D:8      | Became a worshipper of Nemelex Xobeh the Trickster
  7568 | D:8      | Received a gift from Nemelex Xobeh
  7625 | D:8      | Reached skill level 1 in Invocations
  7649 | D:8      | Reached skill level 2 in Invocations
  7653 | D:8      | Reached XP level 10. HP: 52/67 MP: 11/11
  7796 | D:8      | Noticed a two-headed ogre
  7804 | D:8      | Killed a two-headed ogre
  7804 | D:8      | Reached skill level 4 in Invocations
  7931 | D:8      | Noticed Pikel
  7938 | D:8      | Killed Pikel
  7938 | D:8      | Reached skill level 5 in Invocations
  8205 | D:8      | Found a shattered altar of Ashenzari.
  8680 | D:9      | Reached skill level 6 in Invocations
  8794 | D:9      | Found Teinlio's Book Emporium.
  9006 | D:9      | Noticed Maurice
  9014 | D:9      | Killed Maurice
  9014 | D:9      | Reached skill level 7 in Invocations
  9033 | D:9      | Reached skill level 8 in Invocations
  9255 | D:9      | Noticed a two-headed hydra
  9265 | D:9      | Killed a two-headed hydra
  9438 | D:9      | Reached XP level 11. HP: 55/72 MP: 17/17
  9801 | D:9      | Reached skill level 9 in Invocations
  9907 | D:10     | Entered Level 10 of the Dungeon
  9955 | D:10     | Reached * piety under Nemelex Xobeh
 10050 | D:10     | Received a gift from Nemelex Xobeh
 10627 | D:10     | Found a staircase to the Lair.
 10629 | D:10     | Noticed a centaur warrior
 10641 | D:10     | Killed a centaur warrior
 11217 | D:11     | Noticed a brown ugly thing
 11224 | D:11     | Killed a brown ugly thing
 11224 | D:11     | Reached skill level 10 in Invocations
 11310 | D:11     | Found a staircase to the Orcish Mines.
 11391 | D:11     | Noticed Harold
 11404 | D:11     | Killed Harold
 11404 | D:11     | Reached skill level 11 in Invocations
 11424 | D:11     | Noticed an ice dragon
 11436 | D:11     | Killed from afar by an ice dragon

Levels and vault maps discovered:
D:1:      saegor_arrival_simple_a, layout_loops_ring, serial_glass,
          glass_columns_a, glass_columns_a
D:2:      layout_loops_corners, yredelemnul_altar_generic
D:3:      layout_loops_ring, old_standard_altar, nicolae_ru_awakened_eye
D:4:      layout_basic, okawaru_trees_1, uniq_blork_the_orc, uniq_duvessa
D:5:      layout_gridville, first_ration, serial_shops, shop, minmay_shop_mass,
          feat_on_display
D:6:      layout_layer_cave, minitemple, lightli_orcish_oven,
          uniq_prince_ribbit1, uniq_sigmund, uniq_crazy_yiuf_cottage
D:7:      layout_loops_ring, temple_statues, uniq_joseph
D:8:      hangedman_cross_stitches, layout_basic, cheibrodos_ashenzari_chains,
          nemelex_altar_shiori, uniq_pikel
D:9:      layout_small_grid, serial_shops, shop, hangedman_ranch
          [blue_anna_fruit_fields], uniq_maurice
D:10:     layout_stronghold, david_lair_shrubbed
D:11:     layout_loops_corners, kennysheep_orc_monster_closet_entryway,
          portal_ice_cave_entry_animals_and_master, uniq_harold, uniq_nergalle
Temple:   eino_temple_rhombus

Skill      XL: |  1  2  3  4  5  6  7  8  9 10 11 |
---------------+----------------------------------+-----
Maces & Flails | 3 4 5 6 |  6.1
Dodging        | 3 4 5 6 7 8 |  8.7
Axes           | 2 4 6 7 8 |  8.3
Stealth        | 4 6 7 8 |  8.7
Invocations    | 2 8 11 | 11.2
Fighting       | |  2.0
Throwing       | |  1.7

Action                   |  1- 3 |  4- 6 |  7- 9 | 10-12 || total
-------------------------+-------+-------+-------+-------++-------
Melee: Flail             |    40 |    84 |       |       ||   124
       Kick              |     2 |    47 |    83 |    93 ||   225
       Dagger            |       |    79 |    44 |       ||   123
       Hand axe          |       |       |   230 |   311 ||   541
 Abil: Draw Destruction  |       |       |       |     2 ||     2
Evoke: Wand              |       |       |       |     7 ||     7
  Use: Scroll            |       |       |    12 |     8 ||    20
       Potion            |       |       |       |     2 ||     2
 Stab: Sleeping          |       |     1 |    19 |     6 ||    26
       Distracted        |       |       |     2 |     3 ||     5
  Eat: Chunk             |       |     6 |    16 |     8 ||    30
       Ration            |       |       |       |     3 ||     3
Armor: Leather armour    |    13 |    40 |    42 |       ||    95
       Chain mail        |       |       |    63 |   179 ||   242
Dodge: Dodged            |    31 |   109 |   176 |   174 ||   490

Table legend:
 A = Non-vault XP
 B = Vault XP
 C = Vault XP percentage of total XP
 D = Non-vault monster count
 E = Vault monster count
 F = Vault count percentage of total count
                 A         B        C        D         E       F
            +---------+---------+-------+---------+---------+-------
      Total |    9201 |    8120 |  46.9 |     228 |      58 |  20.3
            +---------+---------+-------+---------+---------+-------
        D:1 |      12 |       0 |   0.0 |       8 |       0 |   0.0
        D:2 |     221 |       0 |   0.0 |      18 |       0 |   0.0
        D:3 |     195 |       0 |   0.0 |      30 |       0 |   0.0
        D:4 |     466 |     297 |  38.9 |      24 |       3 |  11.1
        D:5 |     490 |       0 |   0.0 |      25 |       0 |   0.0
        D:6 |     623 |     604 |  49.2 |      22 |       8 |  26.7
        D:7 |     559 |     430 |  43.5 |      15 |       1 |   6.2
        D:8 |    2212 |    1256 |  36.2 |      24 |      11 |  31.4
        D:9 |    1855 |    2306 |  55.4 |      31 |       9 |  22.5
       D:10 |    1832 |     350 |  16.0 |      24 |       1 |   4.0
       D:11 |     736 |    2877 |  79.6 |       7 |      25 |  78.1
            +---------+---------+-------+---------+---------+-------
